 Dungeon Crawl Stone Soup version 0.31.0-11-ge490571c62 (webtiles) character file.

Game seed: 5596248902614178455

99299 qw the Acrobat (level 15, -1/79 HPs)
             Began as a Spriggan Hunter on Feb 3, 2024.
             Was a High Priest of Okawaru.
             Killed by divine providence
             ... invoked by a meliai
              (14 damage)
             ... on level 15 of the Dungeon.
             The game lasted 00:07:51 (19503 turns).

qw the Acrobat (Spriggan Hunter)                   Turns: 19503, Time: 00:07:51

Health: -1/79      AC:  5    Str:  7    XL:     15   Next: 49%
Magic:  23/23      EV: 54    Int: 11    God:    Okawaru [*****.]
Gold:   753        SH:  0    Dex: 33    Spells: 14/14 levels left

rFire   + . .        p - +11 shortbow "Secret Weapon" {flame, rF+ rC+ Dex+3}
rCold   + . .        (shield currently unavailable)
rNeg    + + .        y - +0 troll leather armour
rPois   +            t - +0 hat {Will+}
rElec   .            d - +1 cloak
rCorr   .            (gloves unavailable)
SInv    +            (boots unavailable)
Will    ++++.        (no amulet)
Stlth   ++++         u - ring "Bubimm" {rPois rN++ Will+ Dex+2 Slay-4 SInv}
HPRegen 1.13/turn    s - +5 ring of evasion
MPRegen 0.18/turn

%: clarity
@: about to teleport, very quick
A: very small, no large weapons, unfitting armour, see invisible, speed 3, thin
skeletal structure 1, clarity, MP-powered wands
a: Renounce Religion, Heroism, Finesse, Duel


You were on level 15 of the Dungeon.
You worshipped Okawaru.
Okawaru was extremely pleased with you.
You visited 3 branches of the dungeon, and saw 21 of its levels.
You also visited: Sewer, Ossuary and Gauntlet.

You collected 1717 gold pieces.
You spent 964 gold pieces at shops.


Innate Abilities, Weirdness & Mutations

You are very small and have problems with some larger weapons.
You are too small for most types of armour.
You have supernaturally acute eyesight. (SInv)
You cover ground extremely quickly. (Speed+++)
You have a somewhat thin skeletal structure. (Dex +2, Stealth+)
You possess an exceptional clarity of mind.
You expend magic power (3 MP) to strengthen your wands.


   Skills:
 - Level 9.0 Fighting
 - Level 14.1 Ranged Weapons
 - Level 2.0 Armour
 + Level 22.7 Dodging
 - Level 1.5 Stealth
 - Level 10.0 Invocations


You had 14 spell levels left.
You didn't know any spells.
Your spell library was empty.

Inventory:

Hand Weapons
 p - the +11 shortbow "Secret Weapon" (weapon) {flame, rF+ rC+ Dex+3}
   (You found it on level 1 of the Lair of Beasts)

   Dex+3:     It affects your dexterity (+3).
   rF+:       It protects you from fire.
   rC+:       It protects you from cold.
Armour
 d - a +1 cloak (worn)
 g - the +1 robe of Iskaff {rF+ Str+2}
   (You found it on level 2 of the Dungeon)

   Str+2:     It affects your strength (+2).
   rF+:       It protects you from fire.
 k - a +1 hat
 t - a +0 hat of willpower (worn)
 y - a +0 troll leather armour (worn)
Jewellery
 m - a +5 ring of evasion
 o - an amulet of guardian spirit
 s - a +5 ring of evasion (right hand)
 u - the ring "Bubimm" (left hand) {rPois rN++ Will+ Dex+2 Slay-4 SInv}
   (You found it in a Gauntlet)

   [ring of poison resistance]

   Dex+2:     It affects your dexterity (+2).
   Slay-4:    It affects your accuracy & damage with ranged weapons and melee
   (-4).
   rPois:     It protects you from poison rN++: It greatly protects you from
   negative energy.
   Will+:     It increases your willpower.
   SInv:      It lets you see invisible.
 v - the ring of the Voivode {rF+ rC+}
   (You found it in a Gauntlet)

   [ring of protection from fire]

   rF+:       It protects you from fire.
   rC+:       It protects you from cold.
Wands
 a - a wand of acid (2)
 f - a wand of polymorph (5)
 j - a wand of iceblast (12)
 w - a wand of digging (14)
 B - a wand of mindburst (6)
Scrolls
 l - 2 scrolls of teleportation
 r - 6 scrolls of identify
Potions
 b - 8 potions of mutation
 c - 3 potions of curing
 e - 4 potions of cancellation
 i - 4 potions of might
 n - 2 potions of resistance
 q - 5 potions of haste
 x - 2 potions of heal wounds
 z - 2 potions of magic
 A - 2 potions of enlightenment

Dungeon Overview and Level Annotations

Branches:
Dungeon (15/15)            Temple (1/1) D:5            Lair (5/5) D:10
 Shoals (0/4) Lair:3       Spider (0/4) Lair:3        Slime (0/5) Lair:4
    Orc (0/2) D:12         Vaults (0/5) D:14          Sewer (visited)
Ossuary (visited)         Gauntlet (visited)
 Depths: D:15

Altars:
Ashenzari
Cheibriados
Dithmenos
Elyvilon
Fedhas
Gozag
Hepliaklqana
Kikubaaqudgha
Makhleb
Nemelex Xobeh
Okawaru
Qazlal
Ru
Sif Muna
Trog
Uskayaw
Vehumet
Wu Jian
Xom
Yredelemnul
Zin
The Shining One
Jiyva

Shops:
D:2 =   D:8 ?   D:9 *   D:13 ?   D:14 !

Annotations:
D:3 3 runed translucent doors, qw's ghost, amateur DEHu
D:4 exclusion: hobgoblin
D:9 2 transporters, qw's ghost, journeyman DjHu


Message History

You shoot an arrow. The arrow hits the ogre mage!
The arrow burns the ogre mage.
The ogre mage is almost dead.
The ogre mage casts a spell at you. The bolt of magma hits you!
You partially resist.
You shoot an arrow. The arrow hits the ogre mage!
The arrow burns the ogre mage.
You kill the ogre mage!
Okawaru accepts your kill.
A meliai comes into view.
It is wielding a +0 hand axe and wearing a +2 robe of fire resistance.
A deep troll earth mage comes into view.
The centaur warrior shoots an arrow.
The arrow closely misses you.
The meliai buzzes angrily.
You shoot an arrow. The arrow hits the centaur warrior!
The arrow burns the centaur warrior!
The centaur warrior is heavily wounded.
The centaur warrior shoots an arrow.
The arrow completely misses you.
The meliai calls down the wrath of its god upon you.
Something smites you!
You shoot an arrow.
The arrow completely misses the centaur warrior.
The centaur warrior shoots an arrow.
The arrow hits you!
You shoot an arrow.
The arrow closely misses the centaur warrior.
The centaur warrior shoots an arrow.
The arrow hits you!
You shoot an arrow.
The arrow closely misses the centaur warrior.
You shoot an arrow.
The arrow hits the centaur warrior but does no damage.
The centaur warrior is heavily wounded.
The meliai calls down the wrath of its god upon you.
Something smites you!
The centaur warrior unwields a +0 shortbow.
The centaur warrior completely misses you. x2
19503 ||| READING 3 scrolls of teleportation.
As you read the scroll of teleportation, it crumbles to dust.
You feel strangely unstable. The meliai completely misses you. x2
The centaur warrior completely misses you. x2
The meliai calls down the wrath of its god upon you.
Something smites you!
You die...

... ..# ..# ..# #..
T.#
#..#######..##...
#.......#cy....#
.........@####.###
......#.##........
..................
..................
######.#.........
#.#.........
~#######.#.........
~~~...............~
~~~~####...~..~~~~~


You could see a centaur warrior, a deep troll earth mage and a meliai.

Vanquished Creatures
  Gastronok (Lair:2)
  A minotaur (Gauntlet)
  8 hydras
  A catoblepas (Lair:1)
  Harold (Lair:1)
  An ogre mage (D:15)
  Erica (D:8)
  A centaur warrior (D:14)
  A two-headed ogre (D:10)
  3 skysharks
  5 skeletal warriors (D:13)
  Lodul (D:13)
  A harpy (D:14)
  6 manticores
  2 cyclopes (D:14)
  3 ugly things
  A black mamba (shapeshifter) (D:14)
  7 slime creatures
  A merfolk siren (Lair:3)
  A torpor snail (Lair:3)
  5 black mambas
  An elephant (Lair:5)
  7 cane toads
  A kobold demonologist (D:11)
  Maggie (D:6)
  9 rime drakes
  12 komodo dragons
  6 trolls
  A troll (shapeshifter) (D:13)
  5 hornets (Lair:5)
  Grinder (D:5)
  Prince Ribbit (D:5)
  9 blink frogs
  5 polar bears (Lair:5)
  4 jumping spiders (Lair:3)
  A culicivora (Lair:3)
  4 shadows
  11 spriggans (Lair:5)
  2 wraiths
  2 vampires
  12 wyverns
  A water elemental (D:15)
  5 basilisks
  A redback (Lair:3)
  A steam dragon (D:7)
  38 yaks
  6 vampire mosquitoes
  An acid dragon (D:13)
  18 water moccasins
  7 orc warriors
  2 sky beasts (D:7)
  8 ogres
  2 black bears
  4 boggarts (Lair:5)
  6 laughing skulls
  28 wolves
  A centaur (D:8)
  5 kobold brigands
  20 bullfrogs
  4 scorpions
  9 wights
  13 killer bees
  4 electric eels
  4 howler monkeys
  A human zombie (Ossuary)
  8 orc priests
  A bombardier beetle (D:7)
  6 hounds
  5 jellies
  4 sleepcaps
  A gnoll bouda (D:5)
  4 iguanas
  5 hell rats (Lair:4)
  13 orc wizards
  3 hound zombies (Ossuary)
  9 gnolls
  13 adders
  2 river rats (Sewer)
  A shadow imp (D:6)
  2 ufetubi (D:6)
  2 adder zombies (Ossuary)
  2 dart slugs
  3 ribbon worms
  45 orcs
  13 ball pythons
  14 endoplasms
  2 giant cockroaches
  16 goblins
  18 hobgoblins
  7 jackals
  42 kobolds
  4 quokkas
  16 bats
  5 frilled lizards
  3 gnoll zombies (Ossuary)
  3 jackal zombies (Ossuary)
  4 kobold zombies (Ossuary)
  4 orc zombies (Ossuary)
  7 rats
623 creatures vanquished.

Notes
Turn   | Place    | Note
-------+----------+-------------------------------------------
     0 | D:1      | qw the Spriggan Hunter began the quest for the Orb.
     0 | D:1      | Reached XP level 1. HP: 10/10 MP: 2/2
     0 | D:1      | 0 ||| qw: Version: 0.3-a-155-g5e7d8dd
     0 | D:1      | 0 ||| qw: Game counter: 3272
     0 | D:1      | 0 ||| qw: Melee chars always use a shield: true
     0 | D:1      | 0 ||| qw: God list: Okawaru
     0 | D:1      | 0 ||| qw: Allow faded altars: false
     0 | D:1      | 0 ||| qw: Do Orc after clearing Dungeon:15 true
     0 | D:1      | 0 ||| qw: Do second Lair branch before Depths: true
     0 | D:1      | 0 ||| qw: Lair rune preference: random
     0 | D:1      | 0 ||| qw: Goals: Normal
     0 | D:1      | 0 ||| PLANNING D:1-11
   115 | D:1      | Reached skill level 3 in Dodging
   162 | D:1      | Reached XP level 2. HP: 14/14 MP: 3/3
   305 | D:1      | Reached skill level 4 in Dodging
   606 | D:1      | Reached XP level 3. HP: 18/18 MP: 4/4
   720 | D:1      | 720 ||| UPGRADING to +0 cloak.
   725 | D:1      | 725 ||| READING 2 scrolls labelled PAARCHUTUEP.
   725 | D:1      | 725 ||| IDENTIFYING scroll labelled DINULI GIC WEI
   726 | D:1      | 726 ||| READING scroll of identify.
   726 | D:1      | 726 ||| IDENTIFYING scroll labelled QUXOUR ODEXON
   727 | D:1      | 727 ||| DROPPING scroll of butterflies.
   728 | D:1      | 728 ||| DROPPING scroll of poison.
   729 | D:1      | 729 ||| DROPPING scroll of amnesia.
   890 | D:2      | Identified the +1 robe of Iskaff {rF+ Str+2}
  1146 | D:2      | Found Lammet's Jewellery Shop.
  1152 | D:2      | 1152 ||| SHOPLISTING +4 ring of slaying (1014 gold, have
                  | 64).
  1152 | D:2      | 1152 ||| SHOPLISTING amulet "Juefi" {Reflect Rampage rCorr
                  | SH+5} (553 gold, have 64).
  1152 | D:2      | 1152 ||| SHOPLISTING amulet of guardian spirit (390 gold,
                  | have 64).
  1152 | D:2      | 1152 ||| SHOPLISTING ring of Bem Geti {*Slow +Blink rPois
                  | Will+++ Int+6} (995 gold, have 64).
  1152 | D:2      | 1152 ||| SHOPLISTING ring of Gecaedwo {Fly Will+} (391
                  | gold, have 64).
  1152 | D:2      | 1152 ||| SHOPLISTING ring of fire (325 gold, have 64).
  1152 | D:2      | 1152 ||| SHOPLISTING ring of protection from cold (325
                  | gold, have 64).
  1152 | D:2      | 1152 ||| SHOPLISTING ring of resist corrosion (260 gold,
                  | have 64).
  1439 | D:2      | Reached XP level 4. HP: 22/22 MP: 5/5
  1567 | D:2      | 1567 ||| UPGRADING to +1 robe of Iskaff {rF+ Str+2}.
  1577 | D:2      | 1577 ||| DROPPING +0 robe.
  1578 | D:2      | 1578 ||| READING scroll labelled RIFRETUU CIOLA.
  1579 | D:2      | 1579 ||| DRINKING 2 viscous coppery potions.
  1579 | D:2      | Gained mutation: You expend magic power (3 MP) to
                  | strengthen your wands. [potion of mutation]
  1579 | D:2      | Gained mutation: You have a somewhat thin skeletal
                  | structure. (Dex +2, Stealth+) [potion of mutation]
  1579 | D:2      | Gained mutation: You possess an exceptional clarity of
                  | mind. [potion of mutation]
  1580 | D:2      | 1580 ||| DRINKING 2 glowing purple potions.
  1871 | D:3      | Found a runed translucent gate.
  1878 | D:3      | Found a runed translucent gate.
  1878 | D:3      | Found a runed translucent gate.
  1881 | D:3      | Noticed qw's ghost (amateur DEHu)
  1882 | D:3      | Identified the +10 sling "Xuxkeifo" {flame, rC+}
  2195 | D:3      | Reached skill level 5 in Dodging
  2574 | D:3      | Found a faded altar of an unknown god.
  2677 | D:3      | 2677 ||| UPGRADING to +4 ring of protection.
  2678 | D:3      | 2678 ||| READING scroll labelled DEXUCW TOWYQ.
  2679 | D:3      | 2679 ||| READING scroll labelled CIKKICSIFOYM.
  2780 | D:3      | 2780 ||| DRINKING 2 pink potions.
  2781 | D:3      | 2781 ||| FLEEEEING.
  2782 | D:3      | 2782 ||| FLEEEEING.
  2783 | D:3      | 2783 ||| FLEEEEING.
  2784 | D:3      | 2784 ||| FLEEEEING.
  2785 | D:3      | 2785 ||| FLEEEEING.
  2786 | D:3      | 2786 ||| FLEEEEING.
  2787 | D:3      | 2787 ||| FLEEEEING.
  2788 | D:3      | 2788 ||| FLEEEEING.
  2789 | D:3      | 2789 ||| FLEEEEING.
  2790 | D:3      | 2790 ||| FLEEEEING.
  2791 | D:3      | 2791 ||| FLEEEEING.
  2792 | D:3      | 2792 ||| FLEEEEING.
  2793 | D:3      | 2793 ||| FLEEEEING.
  2794 | D:3      | 2794 ||| FLEEEEING.
  2795 | D:3      | 2795 ||| FLEEEEING.
  2796 | D:3      | 2796 ||| FLEEEEING.
  2797 | D:3      | 2797 ||| FLEEEEING.
  2798 | D:3      | 2798 ||| FLEEEEING.
  2799 | D:3      | 2799 ||| FLEEEEING.
  2800 | D:3      | 2800 ||| FLEEEEING.
  2801 | D:3      | 2801 ||| FLEEEEING.
  2802 | D:3      | 2802 ||| FLEEEEING.
  2803 | D:3      | 2803 ||| FLEEEEING.
  2804 | D:3      | 2804 ||| FLEEEEING.
  2805 | D:3      | 2805 ||| FLEEEEING.
  2806 | D:3      | 2806 ||| FLEEEEING.
  2807 | D:3      | 2807 ||| FLEEEEING.
  2808 | D:3      | 2808 ||| FLEEEEING.
  2809 | D:3      | 2809 ||| FLEEEEING.
  2810 | D:3      | 2810 ||| FLEEEEING.
  2811 | D:3      | 2811 ||| FLEEEEING.
  2812 | D:3      | 2812 ||| FLEEEEING.
  2813 | D:3      | 2813 ||| FLEEEEING.
  2814 | D:3      | 2814 ||| FLEEEEING.
  2815 | D:3      | 2815 ||| FLEEEEING.
  2816 | D:3      | 2816 ||| FLEEEEING.
  2817 | D:3      | 2817 ||| FLEEEEING.
  2818 | D:3      | 2818 ||| FLEEEEING.
  2819 | D:3      | 2819 ||| FLEEEEING.
  2820 | D:3      | 2820 ||| FLEEEEING.
  2821 | D:3      | 2821 ||| FLEEEEING.
  2822 | D:3      | 2822 ||| FLEEEEING.
  2864 | D:3      | 2864 ||| DROPPING potion of berserk rage.
  2955 | D:4      | Reached XP level 5. HP: 22/26 MP: 6/6
  3188 | D:4      | Reached skill level 6 in Dodging
  3287 | D:4      | Found a burning altar of Makhleb.
  3458 | D:4      | 3458 ||| READING 3 scrolls of identify.
  3458 | D:4      | 3458 ||| IDENTIFYING sedimented brown potion
  3459 | D:4      | 3459 ||| READING 2 scrolls of identify.
  3459 | D:4      | 3459 ||| IDENTIFYING 2 coppery potions
  3460 | D:4      | 3460 ||| READING scroll of identify.
  3460 | D:4      | 3460 ||| IDENTIFYING 2 orange potions
  3461 | D:4      | 3461 ||| READING scroll labelled AROS ROALECAWE.
  3462 | D:4      | 3462 ||| READING scroll labelled LYRHEZXUCA.
  3467 | D:4      | 3467 ||| READING scroll labelled ZAGYZX MESAI.
  3468 | D:4      | 3468 ||| READING scroll labelled HENEISHIVIDD.
  3482 | D:5      | Entered Level 5 of the Dungeon
  3483 | D:5      | 3483 ||| PLANNING SEWER
  3484 | D:5      | 3484 ||| STAIRDANCE
  3495 | D:5      | 3495 ||| STAIRDANCE
  3501 | D:4      | Reached XP level 6. HP: 25/30 MP: 7/7
  3520 | D:5      | 3520 ||| STAIRDANCE
  3569 | D:5      | 3569 ||| STAIRDANCE
  3587 | D:5      | 3587 ||| STAIRDANCE
  3613 | D:5      | Reached skill level 6 in Ranged Weapons
  3631 | D:5      | 3631 ||| RETREEEEATING.
  3669 | D:5      | Reached skill level 7 in Dodging
  3774 | D:5      | Reached XP level 7. HP: 35/35 MP: 8/8
  3803 | D:5      | HP: 8/35 [poisoned by a scorpion]
  4103 | D:5      | Noticed Grinder
  4104 | D:5      | 4104 ||| DRINKING potion of haste.
  4118 | D:5      | Killed Grinder
  4122 | D:5      | Found a staircase to the Ecumenical Temple.
  4254 | D:5      | Found a glowing drain.
  4255 | D:5      | 4255 ||| READING scroll labelled XOIDWO AFUO.
  4255 | D:5      | 4255 ||| ENCHANTING +0 shortbow.
  4260 | Sewer    | Entered a sewer
  4377 | Sewer    | Reached skill level 8 in Dodging
  4506 | Sewer    | Reached XP level 8. HP: 38/39 MP: 9/9
  4516 | Sewer    | 4516 ||| READING 2 scrolls of identify.
  4516 | Sewer    | 4516 ||| IDENTIFYING blue potion
  4517 | Sewer    | 4517 ||| READING scroll of identify.
  4517 | Sewer    | 4517 ||| IDENTIFYING sapphire potion
  4518 | Sewer    | 4518 ||| DROPPING potion of invisibility.
  4548 | D:5      | 4548 ||| PLANNING TEMPLE
  4616 | Temple   | Entered the Ecumenical Temple
  4617 | Temple   | 4617 ||| PLANNING OKAWARU WORSHIP
  4622 | Temple   | Became a worshipper of Warmaster Okawaru
  4623 | Temple   | 4623 ||| PLANNING D:1-11
  4924 | D:5      | Noticed Prince Ribbit
  4941 | D:5      | 4941 ||| FLEEEEING.
  4942 | D:5      | 4942 ||| FLEEEEING.
  4944 | D:5      | 4944 ||| FLEEEEING.
  4945 | D:5      | 4945 ||| FLEEEEING.
  4946 | D:5      | 4946 ||| FLEEEEING.
  4948 | D:5      | 4948 ||| FLEEEEING.
  4949 | D:5      | 4949 ||| FLEEEEING.
  4956 | D:5      | 4956 ||| FLEEEEING.
  4957 | D:5      | 4957 ||| FLEEEEING.
  4958 | D:5      | 4958 ||| FLEEEEING.
  4959 | D:5      | 4959 ||| FLEEEEING.
  4960 | D:5      | 4960 ||| FLEEEEING.
  4964 | D:5      | 4964 ||| FLEEEEING.
  4965 | D:5      | 4965 ||| FLEEEEING.
  4972 | D:5      | Killed Prince Ribbit
  4973 | D:5      | Reached skill level 3 in Fighting
  5155 | D:5      | 5155 ||| READING scroll labelled JIQUNU SIETT.
  5193 | D:6      | 5193 ||| PLANNING OSSUARY
  5209 | D:6      | 5209 ||| FLEEEEING.
  5210 | D:6      | 5210 ||| FLEEEEING.
  5211 | D:6      | 5211 ||| FLEEEEING.
  5213 | D:6      | 5213 ||| FLEEEEING.
  5216 | D:6      | 5216 ||| FLEEEEING.
  5217 | D:6      | 5217 ||| FLEEEEING.
  5218 | D:6      | 5218 ||| FLEEEEING.
  5219 | D:6      | 5219 ||| STAIRDANCE
  5256 | D:6      | 5256 ||| STAIRDANCE
  5337 | D:6      | Reached skill level 9 in Dodging
  5374 | D:6      | Reached * piety under Okawaru
  5448 | D:6      | Noticed Maggie
  5449 | D:6      | 5449 ||| INVOKING Heroism.
  5466 | D:6      | Killed Maggie
  5467 | D:6      | Reached skill level 9 in Ranged Weapons
  5640 | D:6      | Reached skill level 1 in Invocations
  5733 | D:6      | Found a sand-covered staircase.
  5734 | D:6      | 5734 ||| DRINKING 2 black potions.
  5775 | D:6      | 5775 ||| DROPPING potion of lignification.
  5780 | Ossuary  | Entered an ossuary
  5793 | Ossuary  | Reached XP level 9. HP: 44/44 MP: 9/11
  5966 | D:6      | 5966 ||| PLANNING D:1-11
  6151 | D:6      | 6151 ||| READING scroll of identify.
  6151 | D:6      | 6151 ||| IDENTIFYING purple potion
  6152 | D:6      | 6152 ||| DROPPING potion of attraction.
  6307 | D:7      | Identified the +2 leather armour of Absence {Will+ Int+3}
  6343 | D:7      | Reached ** piety under Okawaru
  6344 | D:7      | Reached skill level 10 in Dodging
  6467 | D:7      | Reached skill level 3 in Invocations
  6545 | D:7      | 6545 ||| INVOKING Heroism.
  7201 | D:8      | Reached skill level 11 in Dodging
  7215 | D:8      | Found Plog's Magic Scroll Shop.
  7228 | D:8      | 7228 ||| BUYING scroll of enchant armour (105 gold).
  7228 | D:8      | Bought a scroll of enchant armour for 105 gold pieces
  7228 | D:8      | 7228 ||| BUYING scroll of identify (28 gold).
  7228 | D:8      | Bought a scroll of identify for 28 gold pieces
  7228 | D:8      | 7228 ||| BUYING scroll of teleportation (42 gold).
  7228 | D:8      | Bought a scroll of teleportation for 42 gold pieces
  7228 | D:8      | 7228 ||| BUYING scroll of teleportation (42 gold).
  7228 | D:8      | Bought a scroll of teleportation for 42 gold pieces
  7228 | D:8      | 7228 ||| READING scroll of enchant armour.
  7228 | D:8      | 7228 ||| ENCHANTING +0 cloak.
  7380 | D:8      | Identified the ring "Ubuacs" {Fly rPois rN+}
  7400 | D:8      | Noticed Erica
  7401 | D:8      | 7401 ||| INVOKING Heroism.
  7410 | D:8      | Killed Erica
  7410 | D:8      | Reached *** piety under Okawaru
  7411 | D:8      | Reached XP level 10. HP: 16/49 MP: 12/14
  7414 | D:8      | HP: 12/49 [poisoned by Erica (bolt of poison)]
  7583 | D:8      | Found a flagged portal.
  7979 | D:8      | 7979 ||| UPGRADING to +1 hat.
  7984 | D:8      | 7984 ||| UPGRADING to ring of willpower.
  7985 | D:8      | 7985 ||| UPGRADING to ring "Ubuacs" {Fly rPois rN+}.
  7987 | D:8      | 7987 ||| UPGRADING to +4 ring of protection.
  7989 | D:8      | 7989 ||| READING 2 scrolls of identify.
  7989 | D:8      | 7989 ||| IDENTIFYING scroll labelled GIYKIMODEWN
  7990 | D:8      | 7990 ||| DROPPING scroll of revelation.
  8012 | D:9      | 8012 ||| STAIRDANCE
  8017 | D:9      | 8017 ||| STAIRDANCE
  8030 | D:8      | HP: 10/49 [troll (4)]
  8031 | D:8      | 8031 ||| READING 3 scrolls of teleportation.
  8032 | D:8      | 8032 ||| DRINKING 2 potions of heal wounds.
  8034 | D:8      | 8034 ||| DRINKING potion of heal wounds.
  8187 | D:9      | 8187 ||| STAIRDANCE
  8194 | D:8      | Reached skill level 12 in Dodging
  8220 | D:9      | 8220 ||| STAIRDANCE
  8367 | D:9      | Noticed a centaur warrior
  8371 | D:9      | Found a transporter.
  8371 | D:9      | Noticed qw's ghost (journeyman DjHu)
  8392 | D:9      | Found a faded altar of an unknown god.
  8564 | D:9      | Found Yschiynne's Elemental Accessories.
  8572 | D:9      | 8572 ||| BUYING wand of iceblast (4) (153 gold).
  8572 | D:9      | Bought a wand of iceblast (4) for 153 gold pieces
  8624 | D:9      | Reached **** piety under Okawaru
  8688 | D:9      | Found a transporter.
  9049 | D:9      | 9049 ||| READING scroll of identify.
  9049 | D:9      | 9049 ||| IDENTIFYING bubbling cyan potion
  9076 | D:10     | Entered Level 10 of the Dungeon
  9103 | D:10     | Noticed a two-headed ogre
  9104 | D:10     | 9104 ||| INVOKING Finesse.
  9130 | D:10     | Killed a two-headed ogre
  9131 | D:10     | Reached skill level 13 in Dodging
  9283 | D:10     | Found a staircase to the Lair.
  9284 | D:10     | 9284 ||| RETREEEEATING.
  9286 | D:10     | 9286 ||| RETREEEEATING.
  9288 | D:10     | 9288 ||| RETREEEEATING.
  9290 | D:10     | 9290 ||| RETREEEEATING.
  9292 | D:10     | 9292 ||| RETREEEEATING.
  9299 | D:10     | 9299 ||| RETREEEEATING.
  9306 | D:10     | 9306 ||| RETREEEEATING.
  9307 | D:10     | 9307 ||| RETREEEEATING.
  9321 | D:10     | 9321 ||| DRINKING 4 potions of cancellation.
  9365 | D:10     | 9365 ||| RETREEEEATING.
  9367 | D:10     | 9367 ||| RETREEEEATING.
  9368 | D:10     | 9368 ||| RETREEEEATING.
  9370 | D:10     | 9370 ||| RETREEEEATING.
  9371 | D:10     | 9371 ||| RETREEEEATING.
  9383 | D:10     | Reached ***** piety under Okawaru
  9401 | D:10     | Reached XP level 11. HP: 53/53 MP: 16/16
  9568 | D:10     | HP: 4/53 [manticore (10)]
  9569 | D:10     | 9569 ||| READING 3 scrolls of teleportation.
  9570 | D:10     | 9570 ||| DRINKING potion of heal wounds.
  9573 | D:10     | Reached skill level 12 in Ranged Weapons
  9573 | D:10     | Reached skill level 6 in Invocations
  9936 | D:10     | 9936 ||| RETREEEEATING.
  9937 | D:10     | 9937 ||| RETREEEEATING.
  9946 | D:10     | 9946 ||| RETREEEEATING.
  9950 | D:10     | 9950 ||| RETREEEEATING.
 10294 | D:10     | 10294 ||| PLANNING LAIR
 10294 | D:10     | 10294 ||| DROPPING +1 hat.
 10295 | D:10     | 10295 ||| DROPPING ring of positive energy.
 10296 | D:10     | 10296 ||| READING 2 scrolls of identify.
 10296 | D:10     | 10296 ||| IDENTIFYING metallic white potion
 10297 | D:10     | 10297 ||| READING scroll of identify.
 10297 | D:10     | 10297 ||| IDENTIFYING scroll labelled NUDOUNL PESAQE
 10298 | D:10     | 10298 ||| DROPPING potion of degeneration.
 10299 | D:10     | 10299 ||| DROPPING scroll of torment.
 10338 | Lair:1   | Entered Level 1 of the Lair of Beasts
 10608 | Lair:1   | Identified the +11 shortbow "Secret Weapon" {flame, rF+ rC+
                  | Dex+3}
 10610 | Lair:1   | 10610 ||| SWAPPING to +11 shortbow "Secret Weapon" {flame,
                  | rF+ rC+ Dex+3}.
 10611 | Lair:1   | 10611 ||| DROPPING +1 shortbow.
 10634 | Lair:1   | Received a gift from Okawaru
 10649 | Lair:1   | Reached skill level 14 in Dodging
 10655 | Lair:1   | Noticed Harold
 10656 | Lair:1   | 10656 ||| INVOKING Finesse.
 10671 | Lair:1   | Killed Harold
 10753 | Lair:1   | 10753 ||| RETREEEEATING.
 10754 | Lair:1   | 10754 ||| RETREEEEATING.
 10755 | Lair:1   | 10755 ||| RETREEEEATING.
 10756 | Lair:1   | 10756 ||| RETREEEEATING.
 10830 | Lair:1   | Reached skill level 15 in Dodging
 10832 | Lair:1   | 10832 ||| RETREEEEATING.
 10840 | Lair:1   | Received a gift from Okawaru
 11052 | Lair:1   | Reached skill level 9 in Invocations
 11057 | Lair:1   | Noticed a catoblepas
 11058 | Lair:1   | 11058 ||| INVOKING Finesse.
 11062 | Lair:1   | 11062 ||| Stepping ~*~*~tactically~*~*~ (cloud).
 11065 | Lair:1   | 11065 ||| Stepping ~*~*~tactically~*~*~ (cloud).
 11070 | Lair:1   | Killed a catoblepas
 11138 | Lair:1   | Noticed a skyshark
 11139 | Lair:1   | 11139 ||| INVOKING Finesse.
 11148 | Lair:1   | Killed a skyshark
 11149 | Lair:1   | Reached XP level 12. HP: 60/60 MP: 13/19
 11359 | Lair:1   | 11359 ||| UPGRADING to +0 steam dragon scales.
 11406 | Lair:2   | 11406 ||| RETREEEEATING.
 11436 | Lair:2   | 11436 ||| INVOKING Finesse.
 11442 | Lair:2   | Reached skill level 1 in Armour
 11985 | Lair:2   | Noticed Gastronok
 11986 | Lair:2   | 11986 ||| INVOKING Finesse.
 11995 | Lair:2   | Killed Gastronok
 12103 | Lair:2   | 12103 ||| UPGRADING to +0 hat of willpower.
 12113 | Lair:2   | 12113 ||| UPGRADING to +5 ring of evasion.
 12115 | Lair:2   | 12115 ||| DROPPING ring of willpower.
 12153 | Lair:3   | 12153 ||| PLANNING GAUNTLET
 12226 | Lair:3   | Found a hole to the Spider Nest.
 12228 | Lair:3   | 12228 ||| RETREEEEATING.
 12230 | Lair:3   | 12230 ||| RETREEEEATING.
 12251 | Lair:3   | Received a gift from Okawaru
 12300 | Lair:3   | 12300 ||| RETREEEEATING.
 12303 | Lair:3   | 12303 ||| RETREEEEATING.
 12306 | Lair:3   | 12306 ||| RETREEEEATING.
 12310 | Lair:3   | 12310 ||| RETREEEEATING.
 12311 | Lair:3   | 12311 ||| RETREEEEATING.
 12328 | Lair:3   | Reached skill level 16 in Dodging
 12373 | Lair:3   | Found a gate leading to a gauntlet.
 12395 | Lair:3   | 12395 ||| INVOKING Finesse.
 12404 | Lair:3   | 12404 ||| RETREEEEATING.
 12405 | Lair:3   | 12405 ||| RETREEEEATING.
 12406 | Lair:3   | 12406 ||| RETREEEEATING.
 12407 | Lair:3   | 12407 ||| RETREEEEATING.
 12408 | Lair:3   | 12408 ||| RETREEEEATING.
 12409 | Lair:3   | 12409 ||| RETREEEEATING.
 12410 | Lair:3   | 12410 ||| RETREEEEATING.
 12411 | Lair:3   | 12411 ||| RETREEEEATING.
 12412 | Lair:3   | 12412 ||| RETREEEEATING.
 12413 | Lair:3   | 12413 ||| RETREEEEATING.
 12414 | Lair:3   | 12414 ||| RETREEEEATING.
 12415 | Lair:3   | 12415 ||| RETREEEEATING.
 12416 | Lair:3   | 12416 ||| RETREEEEATING.
 12463 | Gauntlet | Entered a Gauntlet
 12463 | Gauntlet | Found a transporter.
 12476 | Gauntlet | Found a transporter.
 12480 | Gauntlet | Found a transporter.
 12484 | Gauntlet | Found a transporter.
 12488 | Gauntlet | Found a transporter.
 12496 | Gauntlet | Found a transporter.
 12500 | Gauntlet | Found a transporter.
 12511 | Gauntlet | Found a transporter.
 12512 | Gauntlet | Found a transporter.
 12520 | Gauntlet | Found a transporter.
 12551 | Gauntlet | Found a transporter.
 12563 | Gauntlet | Found a transporter.
 12576 | Gauntlet | Found a transporter.
 12589 | Gauntlet | Found a transporter.
 12623 | Gauntlet | 12623 ||| RETREEEEATING.
 12624 | Gauntlet | 12624 ||| RETREEEEATING.
 12665 | Gauntlet | Noticed a minotaur
 12666 | Gauntlet | 12666 ||| INVOKING Finesse.
 12672 | Gauntlet | HP: 4/60 [minotaur/javelin (29)]
 12679 | Gauntlet | Killed a minotaur
 12867 | Gauntlet | Identified the ring "Bubimm" {rPois rN++ Will+ Dex+2 Slay-4
                  | SInv}
 12867 | Gauntlet | Identified the ring of the Voivode {rF+ rC+}
 12867 | Gauntlet | Identified the +6 spear "Isykuz" {holy, rPois Will+ MP+9
                  | Dex-4 Stlth+}
 12889 | Gauntlet | 12889 ||| DROPPING +1 robe.
 12890 | Gauntlet | 12890 ||| UPGRADING to ring "Bubimm" {rPois rN++ Will+
                  | Dex+2 Slay-4 SInv}.
 12901 | Lair:3   | 12901 ||| PLANNING LAIR
 13090 | Lair:3   | Noticed a seven-headed hydra
 13091 | Lair:3   | 13091 ||| INVOKING Finesse.
 13098 | Lair:3   | Killed a seven-headed hydra
 13149 | Lair:3   | Found a staircase to the Shoals.
 13281 | Lair:3   | 13281 ||| READING scroll of enchant armour.
 13281 | Lair:3   | 13281 ||| ENCHANTING +0 steam dragon scales.
 13509 | Lair:3   | 13509 ||| READING 5 scrolls of identify.
 13509 | Lair:3   | 13509 ||| IDENTIFYING scroll labelled CUAPPE PAFFI
 13510 | Lair:3   | 13510 ||| DROPPING scroll of silence.
 13560 | Lair:4   | 13560 ||| RETREEEEATING.
 13561 | Lair:4   | 13561 ||| RETREEEEATING.
 13563 | Lair:4   | 13563 ||| RETREEEEATING.
 13564 | Lair:4   | 13564 ||| RETREEEEATING.
 13566 | Lair:4   | 13566 ||| RETREEEEATING.
 13568 | Lair:4   | 13568 ||| RETREEEEATING.
 13569 | Lair:4   | 13569 ||| RETREEEEATING.
 13570 | Lair:4   | 13570 ||| RETREEEEATING.
 13572 | Lair:4   | 13572 ||| RETREEEEATING.
 13573 | Lair:4   | 13573 ||| RETREEEEATING.
 13574 | Lair:4   | 13574 ||| RETREEEEATING.
 13575 | Lair:4   | 13575 ||| RETREEEEATING.
 13576 | Lair:4   | 13576 ||| RETREEEEATING.
 13585 | Lair:4   | Reached skill level 17 in Dodging
 13648 | Lair:4   | Noticed a four-headed hydra
 13648 | Lair:4   | 13648 ||| INVOKING Finesse.
 13654 | Lair:4   | Killed a four-headed hydra
 13655 | Lair:4   | Reached XP level 13. HP: 64/64 MP: 15/21
 13679 | Lair:4   | Reached skill level 6 in Fighting
 13710 | Lair:4   | Received a gift from Okawaru
 13859 | Lair:4   | Found a staircase to the Slime Pits.
 13859 | Lair:4   | Found a viscous altar of Jiyva.
 14545 | Lair:4   | 14545 ||| DROPPING amulet of magic regeneration.
 14546 | Lair:4   | 14546 ||| DROPPING ring of protection from cold.
 14606 | Lair:5   | Entered Level 5 of the Lair of Beasts
 14623 | Lair:5   | Reached skill level 18 in Dodging
 14626 | Lair:5   | 14626 ||| RETREEEEATING.
 14640 | Lair:5   | 14640 ||| RETREEEEATING.
 14641 | Lair:5   | 14641 ||| RETREEEEATING.
 15000 | Lair:5   | 15000 ||| RETREEEEATING.
 15001 | Lair:5   | 15001 ||| RETREEEEATING.
 15002 | Lair:5   | 15002 ||| RETREEEEATING.
 15003 | Lair:5   | 15003 ||| RETREEEEATING.
 15004 | Lair:5   | 15004 ||| RETREEEEATING.
 15005 | Lair:5   | 15005 ||| RETREEEEATING.
 15006 | Lair:5   | 15006 ||| RETREEEEATING.
 15007 | Lair:5   | 15007 ||| RETREEEEATING.
 15008 | Lair:5   | 15008 ||| RETREEEEATING.
 15009 | Lair:5   | 15009 ||| RETREEEEATING.
 15010 | Lair:5   | 15010 ||| RETREEEEATING.
 15011 | Lair:5   | 15011 ||| RETREEEEATING.
 15012 | Lair:5   | 15012 ||| RETREEEEATING.
 15013 | Lair:5   | 15013 ||| RETREEEEATING.
 15016 | Lair:5   | 15016 ||| RETREEEEATING.
 15018 | Lair:5   | 15018 ||| RETREEEEATING.
 15019 | Lair:5   | 15019 ||| RETREEEEATING.
 15020 | Lair:5   | 15020 ||| RETREEEEATING.
 15021 | Lair:5   | 15021 ||| RETREEEEATING.
 15022 | Lair:5   | 15022 ||| RETREEEEATING.
 15023 | Lair:5   | 15023 ||| RETREEEEATING.
 15025 | Lair:5   | 15025 ||| INVOKING Finesse.
 15048 | Lair:5   | Reached skill level 19 in Dodging
 15089 | Lair:5   | Received a gift from Okawaru
 15137 | Lair:5   | 15137 ||| RETREEEEATING.
 15138 | Lair:5   | 15138 ||| RETREEEEATING.
 15142 | Lair:5   | 15142 ||| INVOKING Finesse.
 15143 | Lair:5   | 15143 ||| INVOKING Heroism.
 15234 | Lair:5   | 15234 ||| RETREEEEATING.
 15720 | Lair:5   | 15720 ||| INVOKING Finesse.
 15721 | Lair:5   | 15721 ||| INVOKING Finesse.
 15722 | Lair:5   | 15722 ||| INVOKING Heroism.
 15810 | Lair:5   | Reached skill level 20 in Dodging
 15856 | Lair:5   | Identified the +3 war axe of Youthful Indiscretion {flame,
                  | rPois}
 15859 | Lair:5   | Got an earthy gem with 337 turns to spare
 16084 | Lair:5   | 16084 ||| PLANNING D:1-11
 16084 | Lair:5   | 16084 ||| DROPPING +4 ring of protection.
 16085 | Lair:5   | 16085 ||| DROPPING +6 ring of strength.
 16086 | Lair:5   | 16086 ||| DROPPING ring "Ubuacs" {Fly rPois rN+}.
 16087 | Lair:5   | 16087 ||| READING 6 scrolls of identify.
 16087 | Lair:5   | 16087 ||| IDENTIFYING bubbling blue potion
 16088 | Lair:5   | 16088 ||| READING 5 scrolls of identify.
 16088 | Lair:5   | 16088 ||| IDENTIFYING 2 smoky inky potions
 16089 | Lair:5   | 16089 ||| DROPPING 2 potions of brilliance.
 16620 | D:11     | Received a gift from Okawaru
 16770 | D:11     | Reached XP level 14. HP: 72/72 MP: 22/22
 17025 | D:11     | 17025 ||| PLANNING D
 17264 | D:12     | Found a staircase to the Orcish Mines.
 17786 | D:12     | 17786 ||| READING 7 scrolls of identify.
 17786 | D:12     | 17786 ||| IDENTIFYING smoky red potion
 17787 | D:12     | 17787 ||| DRINKING potion of experience.
 17787 | D:12     | Reached skill level 22 in Dodging
 17787 | D:12     | Reached XP level 15. HP: 75/75 MP: 23/23
 17983 | D:13     | 17983 ||| RETREEEEATING.
 17991 | D:13     | 17991 ||| RETREEEEATING.
 17996 | D:13     | 17996 ||| RETREEEEATING.
 17998 | D:13     | 17998 ||| RETREEEEATING.
 18000 | D:13     | 18000 ||| RETREEEEATING.
 18001 | D:13     | 18001 ||| RETREEEEATING.
 18002 | D:13     | 18002 ||| RETREEEEATING.
 18003 | D:13     | 18003 ||| RETREEEEATING.
 18167 | D:13     | Found an ancient bone altar of Kikubaaqudgha.
 18302 | D:13     | 18302 ||| RETREEEEATING.
 18309 | D:13     | 18309 ||| RETREEEEATING.
 18358 | D:13     | Noticed Lodul
 18359 | D:13     | 18359 ||| INVOKING Finesse.
 18363 | D:13     | Killed Lodul
 18451 | D:13     | Received a gift from Okawaru
 18457 | D:13     | Found Tievium's Magic Scroll Shoppe.
 18468 | D:13     | 18468 ||| BUYING scroll of identify (20 gold).
 18468 | D:13     | Bought a scroll of identify for 20 gold pieces
 18468 | D:13     | 18468 ||| BUYING scroll of teleportation (30 gold).
 18468 | D:13     | Bought a scroll of teleportation for 30 gold pieces
 18578 | D:13     | 18578 ||| UPGRADING to +0 troll leather armour.
 18588 | D:13     | 18588 ||| DROPPING +1 steam dragon scales.
 18589 | D:13     | 18589 ||| READING 7 scrolls of identify.
 18589 | D:13     | 18589 ||| IDENTIFYING lumpy purple potion
 18972 | D:14     | 18972 ||| FLEEEEING.
 18973 | D:14     | 18973 ||| FLEEEEING.
 18974 | D:14     | 18974 ||| FLEEEEING.
 18975 | D:14     | 18975 ||| FLEEEEING.
 18976 | D:14     | 18976 ||| FLEEEEING.
 18978 | D:14     | 18978 ||| FLEEEEING.
 18979 | D:14     | 18979 ||| FLEEEEING.
 18981 | D:14     | 18981 ||| FLEEEEING.
 18982 | D:14     | 18982 ||| FLEEEEING.
 18983 | D:14     | 18983 ||| FLEEEEING.
 18984 | D:14     | 18984 ||| FLEEEEING.
 18985 | D:14     | 18985 ||| FLEEEEING.
 18986 | D:14     | 18986 ||| FLEEEEING.
 18987 | D:14     | 18987 ||| FLEEEEING.
 18988 | D:14     | 18988 ||| FLEEEEING.
 18989 | D:14     | 18989 ||| FLEEEEING.
 18990 | D:14     | 18990 ||| FLEEEEING.
 18991 | D:14     | 18991 ||| STAIRDANCE
 19062 | D:14     | Found a gate to the Vaults.
 19228 | D:14     | Found a hide-covered altar of Uskayaw.
 19357 | D:14     | Reached skill level 9 in Fighting
 19408 | D:14     | Found Jeaso's Distillery.
 19416 | D:14     | 19416 ||| BUYING potion of curing (48 gold).
 19416 | D:14     | Bought a potion of curing for 48 gold pieces
 19416 | D:14     | 19416 ||| BUYING potion of enlightenment (80 gold).
 19416 | D:14     | Bought a potion of enlightenment for 80 gold pieces
 19416 | D:14     | 19416 ||| BUYING potion of magic (128 gold).
 19416 | D:14     | Bought a potion of magic for 128 gold pieces
 19416 | D:14     | 19416 ||| BUYING potion of mutation (128 gold).
 19416 | D:14     | Bought a potion of mutation for 128 gold pieces
 19416 | D:14     | 19416 ||| BUYING potion of resistance (160 gold).
 19416 | D:14     | Bought a potion of resistance for 160 gold pieces
 19464 | D:15     | Entered Level 15 of the Dungeon
 19468 | D:15     | 19468 ||| STAIRDANCE
 19502 | D:15     | HP: 12/79 [meliai/divine providence (12)]
 19503 | D:15     | 19503 ||| READING 3 scrolls of teleportation.
 19503 | D:15     | Killed from afar by a meliai

Levels and vault maps discovered:
D:1:      minmay_arrival_widening_spiral_wide, layout_loops_ring,
          serial_bayou_lake_a
D:2:      layout_basic, serial_shops, shop,
          wander_ebering_terrifying_dragon_lair
D:3:      layout_loops_corners, dreamdust_ecumenical_altar_hidden_monk_grotto,
          biasface_ghost_orc_armoury, kennysheep_generic_room_5
D:4:      cheibrodos_greedy_goblins, layout_rooms,
          mainiacjoe_overflow_surrounded_room, dk_vineyard_1,
          minmay_goblin_outpost
D:5:      layout_loops_ring, minmay_temple_entry_glassed_door,
          portal_sewer_entry_e, minmay_misc_feat_chi, hex_tiny,
          uniq_prince_ribbit1, uniq_grinder
D:6:      layout_gridville, enter_ossuary_2, nicolae_figureground_pulse,
          uniq_maggie
D:7:      layout_basic
D:8:      layout_loops_ring, serial_shops, shop, enter_bailey_5,
          kennysheep_generic_room_11, uniq_erica
D:9:      layout_stronghold, serial_column_ruins, column_ruins_temple_circle,
          column_ruins_hut, column_ruins_corridor_water,
          column_ruins_open_medium, column_ruins_open_tiny,
          gammafunk_ghost_arena, nicolae_elemental_shop
D:10:     layout_irregular_city, david_lair_generic
D:11:     layout_cave_pods
D:12:     layout_irregular_city, hiddenorc2_lemuel, moated_statue
D:13:     layout_gridville, serial_shops, shop, kiku_gazebo_pond_becter,
          uniq_lodul
D:14:     layout_irregular_city, hellmonk_vaults_attempted_burglary,
          serial_shops, shop, nicolae_uskayaw_suspiria
D:15:     hellmonk_depths_entry_around_the_bend, layout_basic,
          minmay_tree_intersection, uniq_jorgrun, uniq_kirke, uniq_louise
Temple:   nicolae_temple_bog_church
Lair:1:   layout_loops_ring, serial_bayou_pond_a, beast_lair_carwin_7,
          grunt_megastairs_4, lemuel_fruit_tree, serial_bayou_shore_a,
          uniq_harold
Lair:2:   layout_loops_ring, roderic_batcave, uniq_gastronok
Lair:3:   layout_regular_city, minmay_shoals_entry_lonely_mermaid,
          nicolae_spider_entry_tight_spaces, gauntlet_entry_generic,
          infiniplex_staircase_pool_2
Lair:4:   hellmonk_ruined_rings, layout_cellular_growth, slime_entry_1,
          special_room [special_room_mythical_zoo]
Lair:5:   minmay_lair_end_enchanted_forest, layout_cave_pods, serial_bayou,
          serial_bayou_pond_e, serial_bayou_pond_a, serial_bayou_pond_d,
          serial_bayou_pond_a

Skill      XL: |  1  2  3  4  5  6  7  8  9 10 11 12 13 14 15 |
---------------+----------------------------------------------+-----
Dodging        | 3 4 5 6 7 8 9 11 13 15 17 20 22 | 22.7
Ranged Weapons | 5 6 8 9 11 12 14 | 14.1
Fighting       | 2 3 4 5 7 9 |  9.0
Invocations    | 1 4 5 9 10 | 10.0
Armour         | 1 2 |  2.0
Stealth        | |  1.5

Action                     |  1- 3 |  4- 6 |  7- 9 | 10-12 | 13-15 || total
---------------------------+-------+-------+-------+-------+-------++-------
   Fire: Shortbow          |   115 |   248 |   523 |   847 |   889 ||  2622
 Invoke: Heroism           |       |       |     3 |       |     2 ||     5
         Finesse           |       |       |       |    10 |     4 ||    14
    Use: Scroll            |     2 |    10 |     6 |     8 |     5 ||    31
         Potion            |       |     3 |     2 |     4 |     1 ||    10
 Armour: Robe              |    11 |    34 |    40 |    74 |       ||   159
         Steam dragon scal |       |       |       |     8 |    31 ||    39
         Troll leather arm |       |       |       |       |    13 ||    13
  Dodge: Dodged            |    39 |   128 |   200 |   473 |   315 ||  1155

Table legend:
 A = Non-vault XP
 B = Vault XP
 C = Vault XP percentage of total XP
 D = Non-vault monster count
 E = Vault monster count
 F = Vault count percentage of total count
                 A         B        C        D         E       F
            +---------+---------+-------+---------+---------+-------
      Total |   60248 |   27604 |  31.4 |     417 |     206 |  33.1
            +---------+---------+-------+---------+---------+-------
        D:1 |      43 |       0 |   0.0 |      25 |       0 |   0.0
        D:2 |      55 |       1 |   1.8 |      16 |       1 |   5.9
        D:3 |      66 |       6 |   8.3 |      27 |       3 |  10.0
        D:4 |     257 |      32 |  11.1 |      20 |      17 |  45.9
        D:5 |     708 |     554 |  43.9 |      19 |       2 |   9.5
        D:6 |     525 |     385 |  42.3 |      15 |       1 |   6.2
        D:7 |    1479 |       0 |   0.0 |      26 |       0 |   0.0
        D:8 |    1851 |     924 |  33.3 |      36 |       6 |  14.3
        D:9 |     838 |       0 |   0.0 |      14 |       0 |   0.0
       D:10 |    3866 |     704 |  15.4 |      25 |       4 |  13.8
       D:11 |    2991 |       0 |   0.0 |      27 |       0 |   0.0
       D:12 |    2730 |     763 |  21.8 |      14 |      32 |  69.6
       D:13 |    8444 |    1562 |  15.6 |      19 |       8 |  29.6
       D:14 |    7447 |     572 |   7.1 |      19 |       1 |   5.0
       D:15 |     320 |     846 |  72.6 |       2 |       1 |  33.3
     Lair:1 |    6320 |    3291 |  34.2 |      23 |      10 |  30.3
     Lair:2 |    3368 |    1455 |  30.2 |      17 |      10 |  37.0
     Lair:3 |    6165 |    1809 |  22.7 |      28 |       7 |  20.0
     Lair:4 |    3346 |    5130 |  60.5 |      17 |      20 |  54.1
     Lair:5 |    8961 |    8217 |  47.8 |      27 |      42 |  60.9
      Sewer |       0 |     178 | 100.0 |       0 |      19 | 100.0
    Ossuary |       0 |     134 | 100.0 |       0 |      20 | 100.0
   Gauntlet |     468 |    1041 |  69.0 |       1 |       2 |  66.7
            +---------+---------+-------+---------+---------+-------
